Map: Dusk Towers

Players

AiLillekanin (Lillekanin) - Winner!

  • Race: Terran Terran
  • League: Master

Monty

  • Race: Protoss Protoss
  • League: Grandmaster

Event: DreamHack ZOWIE Open Leipzig

VOD

Have the link to the VOD?

Description

Time

  • Played on: Jan. 22, 2016, 9:18 a.m.
  • Length: 11:16

All games in this series

Show
View Real Time Build Order
Export as new Build Order

AiLillekanin Terran - Winner!

Build Orders: Liberator Opening, MMM Bio 

Get SALT Encoding   

  12  0:01  SCV  
  13  0:13  SCV  
  14  0:17  Supply Depot  
  14  0:25  SCV  
  15  0:39  SCV  
  15  0:41  Barracks  
  16  0:44  Refinery  
  16  0:51  SCV  
  17  1:03  SCV  
  18  1:17  SCV  
  19  1:29  SCV  
  20  1:35  Barracks Reactor  
  20  1:41  Orbital Command  
  20  1:51  Command Center  
  20  2:00  Supply Depot  
  20  2:06  SCV  
  21  2:15  Factory, Marine  
  22  2:17  Marine  
  22  2:22  SCV  
  24  2:27  Refinery  
  24  2:34  SCV, Marine  
  24  2:35  Marine  
  27  2:41  Supply Depot  
  27  2:46  SCV  
  28  2:56  Marine  
  29  2:58  SCV  
  29  3:03  Factory Tech Lab  
  30  3:07  Starport  
  30  3:10  Orbital Command  
  30  3:12  SCV  
  30  3:16  Marine  
  30  3:17  Marine  
  32  3:27  Cyclone  
  32  3:30  SCV  
  32  3:33  Marine  
  37  3:36  Supply Depot  
  37  3:37  SCV  
  37  3:39  Liberator  
  37  3:41  Marine  
  38  3:47  SCV  
  40  3:52  SCV  
  40  3:54  Refinery  
  41  3:57  Marine  
  41  3:59  Marine  
  41  4:00  SCV  
  47  4:04  SCV  
  48  4:13  SCV  
  48  4:16  SCV  
  50  4:23  Cyclone  
  52  4:25  SCV  
  52  4:28  SCV, Marine x2  
  56  4:35  Supply Depot  
  56  4:37  SCV  
  57  4:40  SCV  
  58  4:46  Command Center  
  58  4:48  Engineering Bay  
  58  4:49  SCV, Starport Reactor  
  58  4:51  Marine  
  60  4:53  SCV  
  60  4:58  Refinery  
  61  5:01  SCV  
  61  5:05  SCV  
  61  5:06  Siege Tank  
  66  5:08  Marine  
  67  5:19  Missile Turret  
  67  5:20  SCV, Missile Turret  
  68  5:24  SCV  
  68  5:27  Missile Turret  
  69  5:30  Liberator  
  69  5:32  Barracks  
  69  5:37  Barracks  
  69  5:38  SCV  
  70  5:43  Supply Depot  
  70  5:44  Liberator  
  73  5:56  Marine x2  
  69  5:59  SCV  
  69  6:01  SCV  
  69  6:05  Orbital Command  
  70  6:11  SCV  
  70  6:13  SCV  
  70  6:15  Liberator  
  70  6:17  Terran Infantry Weapons Level 1  
  71  6:22  Barracks Tech Lab  
  71  6:23  SCV, Siege Tank  
  71  6:24  Barracks Tech Lab  
  75  6:25  SCV, Orbital Command  
  75  6:27  Liberator  
  79  6:41  Stimpack  
  79  6:43  Combat Shields  
  79  6:46  SCV  
  80  6:55  SCV  
  80  6:57  Marine  
  80  6:58  SCV, Marine  
  80  7:01  SCV  
  85  7:05  Marine  
  85  7:07  SCV  
  87  7:10  Barracks  
  87  7:11  SCV  
  87  7:13  Siege Tank  
  87  7:14  Missile Turret  
  91  7:22  SCV, Barracks  
  92  7:31  Marine x2  
  92  7:32  Medivac  
  92  7:33  Marine, Medivac  
  92  7:35  Marine  
  100  7:41  Barracks  
  100  7:45  SCV  
  100  7:47  Missile Turret  
  100  7:48  Supply Depot  
  100  7:51  Marine  
  101  7:54  Marine  
  101  7:55  Missile Turret x2, Marine  
  101  7:57  SCV  
  105  8:03  Missile Turret  
  104  8:06  SCV  
  104  8:10  SCV x2  
  106  8:16  Marine  
  106  8:18  SCV, Marine, Medivac  
  106  8:19  Marine  
  108  8:22  SCV x2  
  108  8:26  Barracks Reactor  
  108  8:27  Marine x2  
  111  8:29  Marine  
  111  8:30  SCV  
  111  8:32  Medivac  
  117  8:40  SCV, Marine x3  
  121  8:44  Marine x2  
  121  8:47  Marine  
  124  8:50  Terran Infantry Armor Level 1  
  124  8:51  Supply Depot  
  124  8:54  Supply Depot, Medivac  
  126  8:58  Missile Turret  
  126  9:01  Marine x2  
  126  9:02  SCV, Medivac  
  131  9:03  Marine x2  
  133  9:12  Marine x4  
  133  9:15  Missile Turret  
  137  9:19  Siege Tank, Marine x2  
  137  9:23  Marine x2  
  144  9:30  Marine x4  
  148  9:37  Marine  
  149  9:45  Supply Depot x2  
  149  9:46  Supply Depot  
  149  9:54  Marine  
  149  9:56  Marine  
  149  9:59  Marine  
  149  10:00  Marine x2  
  149  10:01  Marine  
  149  10:06  Marine  
  150  10:08  Marine  
  150  10:12  Marine  
  149  10:14  Marine  
  149  10:16  Marine  
  149  10:18  Marine x2  
  149  10:19  Marine  
  149  10:24  Marine  
  149  10:25  Marine  
  149  10:26  Missile Turret  
  149  10:29  Missile Turret, Marine  
  149  10:32  Marine  
  149  10:34  Marine  
  152  10:35  Siege Tank  
  152  10:36  Medivac x2, Marine x2  
  152  10:37  Marine  
  152  10:42  Marine  
  163  10:43  Marine  
  163  10:47  Marine  
  163  10:49  Marine  
  165  10:52  Marine  
  165  10:54  Marine x2  
  165  10:55  Marine  
  165  10:56  Supply Depot  
Show
View Real Time Build Order
Export as new Build Order

Monty Protoss 

Build Orders: 1 Gate Expand 

Get SALT Encoding   

  12  0:01  Probe (Chrono Boost)  
  13  0:12  Probe (Chrono Boost)  
  14  0:18  Pylon  
  14  0:22  Probe (Chrono Boost)  
  15  0:36  Probe (Chrono Boost)  
  15  0:38  Gateway  
  16  0:45  Assimilator  
  16  0:47  Probe (Chrono Boost)  
  17  0:57  Probe (Chrono Boost)  
  18  1:08  Probe (Chrono Boost)  
  19  1:25  Nexus  
  19  1:28  Probe (Chrono Boost)  
  20  1:38  Cybernetics Core  
  21  1:40  Probe (Chrono Boost)  
  21  1:45  Assimilator  
  21  1:50  Probe (Chrono Boost)  
  22  1:56  Pylon  
  22  2:01  Probe (Chrono Boost)  
  23  2:14  Probe (Chrono Boost), Warp Gate  
  23  2:15  Adept  
  26  2:25  Probe (Chrono Boost)  
  26  2:26  Robotics Facility  
  27  2:35  Probe (Chrono Boost)  
  28  2:38  Probe (Chrono Boost)  
  29  2:46  Probe (Chrono Boost)  
  29  2:48  Probe (Chrono Boost)  
  29  2:49  Twilight Council  
  31  2:56  Probe (Chrono Boost)  
  32  2:59  Probe (Chrono Boost)  
  33  3:07  Probe (Chrono Boost)  
  33  3:10  Mothership Core (Chrono Boost)  
  36  3:14  Pylon  
  36  3:17  Probe (Chrono Boost)  
  38  3:20  Observer  
  38  3:28  Probe x2 (Chrono Boost)  
  38  3:29  Gateway  
  38  3:34  Gateway  
  40  3:36  Pylon  
  40  3:37  Resonating Glaives  
  40  3:38  Probe x2 (Chrono Boost)  
  42  3:46  Warp Prism (Chrono Boost)  
  42  3:48  Probe  
  44  3:49  Probe  
  46  3:58  Probe  
  46  4:00  Dark Shrine  
  46  4:01  Probe  
  48  4:09  Probe  
  48  4:13  Probe  
  49  4:20  Probe  
  50  4:25  Probe  
  50  4:27  Observer (Chrono Boost)  
  50  4:28  Nexus  
  50  4:29  Assimilator  
  50  4:30  Pylon, Assimilator  
  52  4:32  Probe  
  52  4:33  Pylon  
  52  4:37  Probe  
  54  4:39  Pylon  
  54  4:43  Probe  
  55  4:54  Probe x2  
  57  5:01  Pylon  
  57  5:04  Probe  
  57  5:07  Probe  
  59  5:12  Gateway  
  59  5:13  Dark Templar, Gateway  
  61  5:15  Probe  
  61  5:16  Dark Templar, Gateway  
  61  5:25  Dark Templar  
  61  5:26  Probe  
  64  5:32  Probe  
  64  5:33  Pylon  
  54  6:03  Blink  
  54  6:04  Probe x2  
  54  6:05  Probe  
  54  6:09  Warp Prism (Chrono Boost)  
  53  6:12  Stalker x3  
  59  6:27  Pylon  
  59  6:28  Probe x2  
  58  6:35  Gateway x2  
  58  6:36  Probe  
  58  6:37  Gateway x2  
  59  6:40  Probe  
  59  6:44  Stalker  
  59  6:45  Stalker x2  
  66  6:53  Probe x3  
  67  6:59  Immortal (Chrono Boost)  
  73  7:04  Probe x2  
  73  7:05  Probe  
  73  7:06  Assimilator  
  73  7:08  Sentry x3, Assimilator  
  82  7:14  Probe  
  82  7:15  Pylon  
  81  7:17  Probe  
  81  7:20  Stalker  
  81  7:24  Stalker  
  80  7:38  Probe  
  80  7:42  Probe x2  
  83  7:44  Pylon  
  83  7:46  Adept x2  
  83  7:47  Adept  
  83  7:50  Probe  
  90  7:53  Probe x2  
  92  8:02  Probe  
  92  8:03  Probe x2, Pylon  
  95  8:10  Stalker x2  
  95  8:11  Stalker  
  99  8:14  Probe x3  
  102  8:24  Probe x2  
  102  8:26  Probe  
  105  8:35  Probe x2  
  105  8:38  Forge  
  105  8:39  Probe  
  105  8:41  Forge  
  100  8:45  Probe  
  101  8:48  Probe  
  101  8:51  Probe  
  101  8:54  Charge  
  107  8:55  Immortal (Chrono Boost)  
  107  9:04  Pylon  
  107  9:06  Pylon  
  107  9:10  Stargate  
  107  9:14  Stargate  
  107  9:28  Protoss Ground Weapons Level 1 (Chrono Boost), Protoss Ground Armor Level 1 (Chrono Boost)  
  107  9:29  Immortal  
  111  9:32  Nexus  
  111  9:36  Pylon  
  111  9:39  Pylon  
  111  9:41  Adept x4  
  111  9:42  Adept x4  
  111  9:44  Adept  
  129  9:52  Probe  
  130  9:53  Pylon  
  130  9:54  Pylon  
  116  10:06  Sentry x2, Adept  
  116  10:07  Adept x6  
  110  10:17  Adept  
  97  10:28  Sentry  
  97  10:29  Adept x5  
  97  10:30  Adept x2  
  97  10:32  Adept  
  118  10:43  Templar Archives  
  116  10:50  Stalker x3  
  116  10:51  Stalker x3  
  116  10:52  Stalker  
  130  11:02  Adept x2  

Tags
 
Add a new tag
Caveats
  • Supply blocks, unpowered buildings, or Contaminate may cause inaccurate times.
  • Supply counts are checked every 10 seconds.